Map: Benchmarker - Dusk Towers

Players

blackxored - Winner!

  • Race: Zerg Zerg
  • League: Master
  • Spawn Location: 7:00

Yourself

  • Race: Protoss Protoss
  • Spawn Location: 1:00

VOD

Have the link to the VOD?

Description

Time

  • Played on: Aug. 10, 2017, 6:53 p.m.
  • Length: 7:05
Show
View Real Time Build Order
Export as new Build Order

blackxored Zerg - Winner!

Build Orders: Hatch First, Hydra Ling, Timing Attack 

Get SALT Encoding   

  12  0:05  Drone  
  13  0:17  Overlord  
  13  0:21  Drone  
  14  0:35  Drone x2  
  16  0:39  Drone  
  17  0:58  Hatchery  
  17  1:01  Drone  
  17  1:02  Drone  
  18  1:15  Extractor  
  18  1:17  Spawning Pool  
  16  1:20  Drone  
  16  1:23  Drone  
  18  1:32  Drone  
  19  1:44  Overlord  
  19  1:54  Drone  
  20  2:04  Queen  
  20  2:05  Zergling x2  
  23  2:10  Queen  
  23  2:11  Zergling x2  
  23  2:15  Drone  
  27  2:17  Metabolic Boost  
  27  2:23  Drone  
  27  2:26  Drone  
  29  2:35  Drone  
  30  2:38  Drone  
  30  2:43  Overlord  
  31  2:49  Drone  
  32  2:55  Lair  
  32  2:57  Drone  
  33  3:00  Drone  
  33  3:05  Hatchery  
  33  3:07  Drone  
  33  3:09  Drone  
  35  3:14  Drone x3  
  35  3:18  Overlord  
  38  3:23  Drone x2  
  38  3:25  Drone  
  41  3:27  Drone  
  42  3:35  Extractor, Drone  
  42  3:39  Overlord  
  42  3:43  Drone x3  
  45  3:51  Extractor, Drone x3  
  45  3:54  Drone  
  48  3:55  Extractor, Overlord  
  48  4:00  Hydralisk Den, Drone  
  48  4:02  Drone  
  48  4:07  Drone x2  
  50  4:18  Queen  
  50  4:19  Zergling x2  
  50  4:20  Zergling x8  
  57  4:26  Zergling x8  
  57  4:29  Muscular Augments  
  61  4:34  Zergling x4  
  63  4:39  Overlord x2  
  63  4:45  Hydralisk x2  
  65  4:48  Hydralisk  
  65  4:52  Hydralisk  
  71  4:56  Hydralisk  
  71  4:58  Hydralisk  
  75  5:01  Hydralisk  
  75  5:04  Hydralisk  
  79  5:08  Hydralisk  
  79  5:10  Hydralisk  
  83  5:14  Hydralisk  
  83  5:17  Hydralisk  
  83  5:21  Hydralisk  
  89  5:29  Overlord x2  
  89  5:35  Overlord x2  
  89  6:08  Zergling x2  
  89  6:09  Zergling x36  
  108  6:17  Drone x2  
  110  6:22  Drone  
  111  6:27  Evolution Chamber, Drone  
  111  6:28  Drone  
  111  6:29  Baneling Nest  
  111  6:32  Drone x2  
  113  6:35  Overlord x2  
  113  6:43  Drone x3  
  113  6:45  Drone x2  
  113  6:46  Drone  
  113  6:47  Drone x2  
  122  6:55  Hatchery  
Show
View Real Time Build Order
Export as new Build Order

Yourself Protoss 

Build Orders:  

Get SALT Encoding   

  12  0:00  Probe x12 (Chrono Boost)  
  12  0:02  Unknown  
Tags
 
Add a new tag
Caveats
  • Supply blocks, unpowered buildings, or Contaminate may cause inaccurate times.
  • Supply counts are checked every 10 seconds.